Map: Pillars of Gold LE

Players

Kelazhur - Winner!

  • Race: Terran Terran
  • League: Master
  • Spawn Location: 1:00

TheZergLord

  • Race: Zerg Zerg
  • League: Grandmaster
  • Spawn Location: 7:00

Event: DreamHack SC2 Masters 2020 Fall

VOD

Have the link to the VOD?

Description

Time

  • Played on: Aug. 27, 2020, 5:17 p.m.
  • Length: 7:17

All games in this series

Show
View Real Time Build Order
Export as new Build Order

Kelazhur Terran - Winner!

Build Orders: Reaper Expand, Hellion Banshee 

Get SALT Encoding   

  12  0:00  SCV  
  13  0:12  SCV  
  14  0:17  Supply Depot  
  14  0:25  SCV  
  15  0:39  SCV  
  15  0:40  Barracks  
  16  0:45  Refinery  
  16  0:51  SCV  
  17  1:03  SCV  
  18  1:15  SCV  
  19  1:27  Orbital Command  
  19  1:28  Reaper  
  20  1:42  Command Center  
  20  1:50  Supply Depot  
  20  1:53  SCV  
  21  2:00  Marine  
  22  2:06  Factory  
  22  2:08  SCV  
  22  2:14  Refinery  
  23  2:21  SCV  
  23  2:22  Barracks Reactor  
  24  2:33  SCV  
  25  2:45  SCV  
  26  2:53  Starport  
  26  2:54  Orbital Command  
  26  2:57  SCV  
  27  3:05  Hellion x2  
  31  3:09  SCV  
  31  3:12  Barracks Tech Lab  
  32  3:21  SCV x2  
  32  3:24  Supply Depot  
  32  3:27  Hellion x2  
  38  3:33  SCV x2  
  40  3:40  Banshee, Cloaking Field  
  43  3:45  SCV x2  
  45  3:50  Supply Depot  
  45  3:54  Hellion  
  45  3:55  Hellion  
  49  3:57  SCV  
  49  3:58  SCV  
  52  4:10  SCV  
  52  4:11  Armory  
  52  4:14  SCV  
  53  4:20  Hellion x2  
  53  4:22  SCV, Supply Depot  
  53  4:23  Banshee  
  61  4:29  SCV  
  62  4:31  Supply Depot  
  62  4:43  SCV x2  
  62  4:44  Hellion x2  
  68  4:55  SCV  
  68  4:57  SCV  
  70  5:06  Hellion x2  
  74  5:07  SCV  
  74  5:08  Banshee  
  74  5:10  SCV  
  74  5:12  Barracks Tech Lab  
  74  5:13  Command Center  
  78  5:20  SCV  
  77  5:22  SCV  
  77  5:24  Barracks x2  
  78  5:31  Stimpack  
  78  5:34  SCV, Marine  
  78  5:42  SCV  
  77  5:45  Refinery x2  
  77  5:46  Engineering Bay, SCV  
  77  5:47  Engineering Bay, Supply Depot  
  76  5:54  SCV  
  76  5:58  SCV  
  76  6:09  SCV  
Show
View Real Time Build Order
Export as new Build Order

TheZergLord Zerg 

Build Orders: Hatch First 

Get SALT Encoding   

  12  0:00  Drone  
  13  0:13  Overlord  
  13  0:18  Drone  
  14  0:31  Drone x2  
  16  0:50  Hatchery  
  16  0:52  Drone  
  16  0:56  Drone  
  17  1:00  Drone  
  18  1:09  Extractor  
  17  1:15  Spawning Pool  
  16  1:19  Drone  
  16  1:22  Drone  
  18  1:29  Drone  
  19  1:40  Drone  
  20  1:50  Overlord  
  20  2:02  Queen  
  20  2:03  Queen, Zergling x4  
  26  2:13  Drone x2  
  28  2:23  Metabolic Boost  
  28  2:25  Drone, Extractor  
  28  2:26  Drone  
  30  2:43  Queen  
  31  2:46  Overlord  
  31  2:47  Drone x3  
  34  2:56  Drone x2  
  35  3:17  Drone x2  
  35  3:18  Drone, Overlord  
  38  3:20  Drone x2  
  38  3:23  Hatchery  
  38  3:25  Drone  
  38  3:26  Queen  
  42  3:35  Zergling x2  
  43  3:43  Drone  
  43  3:44  Overlord  
  45  3:48  Drone  
  45  3:50  Drone  
  45  3:51  Drone x2  
  49  4:02  Drone  
  49  4:03  Drone x4, Queen  
  49  4:06  Overlord  
  54  4:16  Overlord  
  54  4:28  Drone x5  
  59  4:34  Spore Crawler  
  59  4:35  Drone, Spore Crawler  
  59  4:36  Spore Crawler  
  59  4:38  Zergling x8, Spore Crawler  
  59  4:40  Queen  
  59  4:42  Queen  
  64  4:48  Overlord  
  64  4:51  Drone x2  
  66  4:55  Baneling Nest  
  64  5:01  Drone  
  64  5:02  Drone  
  66  5:07  Queen  
  66  5:12  Zergling x10  
  66  5:13  Zergling x2  
  62  5:22  Zergling x2  
  62  5:23  Zergling x8  
  62  5:26  Queen x2  
  58  5:41  Zergling x6  
  58  5:42  Zergling x12  

Tags
 
Add a new tag
Caveats
  • Supply blocks, unpowered buildings, or Contaminate may cause inaccurate times.
  • Supply counts are checked every 10 seconds.